| TOP OF THE 1ST |
|
Hawaii Islanders batting - Pitching for San Jose Missions : RHP Tim Hamm
|
|
Pitching: RHP Tim Hamm
|
|
|
Batting: LHB Leo Sutherland
|
0-0: Ball 1-0: Ball 2-0: SINGLE (Line Drive, 78M, EV 109.4 MPH)
|
|
Batting: RHB Joe Strain
|
0-0: Called Strike 0-1: Foul Ball, location: 2F 0-2: Fly out, F8 (Flyball, 78M, EV 81.9 MPH)
|
|
Batting: SHB Charles Valley
|
0-0: Called Strike Leo Sutherland steals 2nd base (no throw) 0-1: Called Strike 0-2: Strikes out swinging
|
|
Batting: LHB Jerry Willard
|
0-0: Ball 1-0: Called Strike 1-1: Swinging Strike 1-2: Strikes out swinging
|
| Top of the 1st over - 0 runs, 1 hit, 0 errors, 1 left on base; Hawaii 0 - San Jose 0 |
| BOTTOM OF THE 1ST |
|
San Jose Missions batting - Pitching for Hawaii Islanders : RHP Mark Dempsey
|
|
Pitching: RHP Mark Dempsey
|
|
|
Batting: SHB Curt Bryan
|
0-0: Ball 1-0: Swinging Strike 1-1: Called Strike 1-2: Fly out, F9 (Line Drive, 9, EV 89.4 MPH)
|
|
Batting: RHB Vance Law
|
0-0: Swinging Strike 0-1: Ball 1-1: Ball 2-1: Ball 3-1: Fly out, F8 (Line Drive, 8LD, EV 83.1 MPH)
|
|
Batting: SHB Bip Roberts
|
0-0: Ground out U3 (Groundball, 34S, EV 81.9 MPH)
|
| Bottom of the 1st over - 0 runs, 0 hits, 0 errors, 0 left on base; Hawaii 0 - San Jose 0 |
| TOP OF THE 2ND |
|
Hawaii Islanders batting - Pitching for San Jose Missions : RHP Tim Hamm
|
|
Batting: RHB Dave L Stapleton
|
0-0: Ball 1-0: Foul Ball, location: 2F 1-1: Foul Ball, location: 2F 1-2: Ball 2-2: Fly out, F4 (Popup, 4S, EV 74.4 MPH)
|
|
Batting: RHB Chris Nyman
|
0-0: Ball 1-0: Ball 2-0: Called Strike 2-1: Ground out 6-3 (Groundball, 6, EV 83.1 MPH)
|
|
Batting: LHB Franklin Lopez
|
0-0: Swinging Strike 0-1: Foul Ball, location: 2F 0-2: Reached on error, E5 (Groundball, 56, EV 84.4 MPH)
|
|
Batting: RHB Michael Hanson
|
0-0: Foul Ball, location: 2F 0-1: Swinging Strike 0-2: Strikes out looking
|
| Top of the 2nd over - 0 runs, 0 hits, 1 error, 1 left on base; Hawaii 0 - San Jose 0 |
| BOTTOM OF THE 2ND |
|
San Jose Missions batting - Pitching for Hawaii Islanders : RHP Mark Dempsey
|
|
Batting: LHB Marvell Wynne
|
0-0: Ball 1-0: Called Strike 1-1: Foul Ball, location: 2F 1-2: Fly out, F8 (Flyball, 8LD, EV 91.9 MPH)
|
|
Batting: RHB Ozzie Virgil
|
0-0: Called Strike 0-1: Ball 1-1: Ball 2-1: Swinging Strike 2-2: Ball 3-2: Base on Balls
|
|
Batting: SHB David Piller
|
0-0: Called Strike 0-1: Called Strike 0-2: Ball 1-2: Fly out, F9 (Flyball, 9D, EV 100.0 MPH)
|
|
Batting: LHB Steven Michael
|
0-0: Ball 1-0: Foul Ball, location: 2F 1-1: 2-RUN HOME RUN (Flyball, 89XD, EV 109.4 MPH), Distance : 391 ft
|
|
Batting: LHB Glen Franklin
|
0-0: Called Strike 0-1: Ball 1-1: Fly out, F9 (Flyball, 9S, EV 93.1 MPH)
|
| Bottom of the 2nd over - 2 runs, 1 hit, 0 errors, 0 left on base; Hawaii 0 - San Jose 2 |
| TOP OF THE 3RD |
|
Hawaii Islanders batting - Pitching for San Jose Missions : RHP Tim Hamm
|
|
Batting: RHB Jon Hansen
|
0-0: Ball 1-0: Called Strike 1-1: Foul Ball, location: 2F 1-2: Ball 2-2: Ball 3-2: Base on Balls
|
|
Batting: LHB Leo Sutherland
|
0-0: Ball Jon Hansen steals 2nd base 1-0: Ball 2-0: SINGLE (Groundball, 56S, EV 71.3 MPH) (infield hit) Jon Hansen to third
|
|
Batting: RHB Joe Strain
|
0-0: Ball 1-0: Foul Ball, location: 2F 1-1: Foul Ball, location: 2F 1-2: Ball 2-2: Ball 3-2: Foul Ball, location: 2F 3-2: Base on Balls Leo Sutherland to second
|
|
Batting: SHB Charles Valley
|
0-0: Ball 1-0: Foul Ball, location: 2F 1-1: Ball 2-1: Foul Ball, location: 2F 2-2: Ball 3-2: Strikes out swinging
|
|
Batting: LHB Jerry Willard
|
0-0: Ball 1-0: Ball 2-0: Ball 3-0: Base on Balls Jon Hansen scores Leo Sutherland to third Joe Strain to second
|
|
Batting: RHB Dave L Stapleton
|
0-0: Called Strike 0-1: GRAND SLAM HOME RUN (Flyball, 89XD, EV 110.0 MPH), Distance : 441 ft
|
|
Batting: RHB Chris Nyman
|
0-0: Fly out, F9 (Flyball, 9, EV 92.5 MPH)
|
|
Batting: LHB Franklin Lopez
|
0-0: Ball 1-0: Ball 2-0: Called Strike 2-1: Ball 3-1: Ground out 4-3 (Groundball, 34D, EV 105.0 MPH)
|
| Top of the 3rd over - 5 runs, 2 hits, 0 errors, 0 left on base; Hawaii 5 - San Jose 2 |
| BOTTOM OF THE 3RD |
|
San Jose Missions batting - Pitching for Hawaii Islanders : RHP Mark Dempsey
|
|
Batting: SHB Kenny Young
|
0-0: Foul Ball, location: 2F 0-1: Ball 1-1: Swinging Strike 1-2: Strikes out swinging
|
|
Batting: SHB Curt Bryan
|
0-0: Ball 1-0: Ball 2-0: Called Strike 2-1: SINGLE (Groundball, 34D, EV 104.4 MPH)
|
|
Batting: RHB Vance Law
|
0-0: Ball 1-0: Called Strike 1-1: Foul Ball, location: 2F 1-2: Ball 2-2: Strikes out looking Curt Bryan steals 2nd base (no throw) Batter strikes out.
|
|
Batting: SHB Bip Roberts
|
0-0: Foul Ball, location: 2F 0-1: Fly out, F8 (Line Drive, 8LD, EV 102.5 MPH)
|
| Bottom of the 3rd over - 0 runs, 1 hit, 0 errors, 1 left on base; Hawaii 5 - San Jose 2 |
| TOP OF THE 4TH |
|
Hawaii Islanders batting - Pitching for San Jose Missions : RHP Tim Hamm
|
|
Batting: RHB Michael Hanson
|
0-0: Called Strike 0-1: Ball 1-1: Ball 2-1: Swinging Strike 2-2: Foul Ball, location: 2F 2-2: Strikes out swinging
|
|
Batting: RHB Jon Hansen
|
0-0: Ball 1-0: Ball 2-0: Called Strike 2-1: Foul Ball, location: 2F 2-2: Ball 3-2: Foul Ball, location: 2F 3-2: SINGLE (Groundball, 6MS, EV 70.0 MPH) (infield hit)
|
|
Batting: LHB Leo Sutherland
|
0-0: Ball Jon Hansen is caught stealing 2nd base 2-6 1-0: Ball 2-0: Called Strike 2-1: Ball 3-1: Base on Balls
|
|
Batting: RHB Joe Strain
|
0-0: Called Strike 0-1: Ball 1-1: Ball 2-1: Fly out, F7 (Flyball, 7, EV 88.1 MPH)
|
| Top of the 4th over - 0 runs, 1 hit, 0 errors, 1 left on base; Hawaii 5 - San Jose 2 |
| BOTTOM OF THE 4TH |
|
San Jose Missions batting - Pitching for Hawaii Islanders : RHP Mark Dempsey
|
|
Batting: LHB Marvell Wynne
|
0-0: Swinging Strike 0-1: Swinging Strike 0-2: SOLO HOME RUN (Flyball, 89XD, EV 102.5 MPH), Distance : 401 ft
|
|
Batting: RHB Ozzie Virgil
|
0-0: Ball 1-0: Ball 2-0: Called Strike 2-1: Fly out, F8 (Flyball, 8RXD, EV 88.1 MPH)
|
|
Batting: SHB David Piller
|
0-0: Called Strike 0-1: Ball 1-1: Foul Ball, location: 2F 1-2: Ball 2-2: Fly out, F7 (Line Drive, 7D, EV 98.8 MPH)
|
|
Batting: LHB Steven Michael
|
0-0: Ball 1-0: Foul Ball, location: 2F 1-1: Called Strike 1-2: Ground out 4-3 (Groundball, 4, EV 83.8 MPH)
|
| Bottom of the 4th over - 1 run, 1 hit, 0 errors, 0 left on base; Hawaii 5 - San Jose 3 |
| TOP OF THE 5TH |
|
Hawaii Islanders batting - Pitching for San Jose Missions : RHP Tim Hamm
|
|
Batting: SHB Charles Valley
|
0-0: Ball 1-0: Foul Ball, location: 2F 1-1: Ball 2-1: Foul Ball, location: 2F 2-2: Foul Ball, location: 2F 2-2: Foul Ball, location: 2F 2-2: Ball 3-2: Base on Balls
|
|
Batting: LHB Jerry Willard
|
0-0: Ball 1-0: Called Strike 1-1: Ball 2-1: Swinging Strike 2-2: Ball Wild Pitch! Charles Valley to second 3-2: Strikes out swinging
|
|
Batting: RHB Dave L Stapleton
|
0-0: Called Strike 0-1: Ground out 4-3 (Groundball, 4MS, EV 78.1 MPH) Charles Valley to third
|
|
Batting: RHB Chris Nyman
|
0-0: Foul Ball, location: 2F 0-1: Ball 1-1: Ball 2-1: Ball 3-1: Called Strike 3-2: Base on Balls
|
|
Batting: LHB Franklin Lopez
|
0-0: Ball 1-0: Called Strike 1-1: Ball 2-1: Fly out, F6 (Popup, 6MD, EV 73.1 MPH)
|
| Top of the 5th over - 0 runs, 0 hits, 0 errors, 2 left on base; Hawaii 5 - San Jose 3 |
| BOTTOM OF THE 5TH |
|
San Jose Missions batting - Pitching for Hawaii Islanders : RHP Mark Dempsey
|
|
Batting: LHB Glen Franklin
|
0-0: Ball 1-0: Ball 2-0: Ground out U3 (Groundball, 34, EV 89.4 MPH)
|
|
Batting: SHB Kenny Young
|
0-0: Called Strike 0-1: Swinging Strike 0-2: Ball 1-2: Foul Ball, location: 2F 1-2: Strikes out swinging
|
|
Batting: SHB Curt Bryan
|
0-0: Called Strike 0-1: Ball 1-1: Ground out U3 (Groundball, 34, EV 105.6 MPH)
|
| Bottom of the 5th over - 0 runs, 0 hits, 0 errors, 0 left on base; Hawaii 5 - San Jose 3 |
| TOP OF THE 6TH |
|
Hawaii Islanders batting - Pitching for San Jose Missions : RHP Tim Hamm
|
|
Pitching: RHP William Swiacki
|
|
|
Batting: RHB Michael Hanson
|
0-0: Called Strike 0-1: Called Strike 0-2: Ball 1-2: Foul Ball, location: 2F 1-2: Foul Ball, location: 2F 1-2: Foul Ball, location: 2F 1-2: Ball 2-2: Strikes out swinging
|
|
Batting: RHB Jon Hansen
|
0-0: Ball 1-0: Ball 2-0: Foul Ball, location: 2F 2-1: Foul Ball, location: 2F 2-2: Fly out, F9 (Flyball, 9, EV 92.5 MPH)
|
|
Batting: LHB Leo Sutherland
|
0-0: Ball 1-0: SINGLE (Groundball, 34D, EV 107.5 MPH)
|
|
Batting: RHB Joe Strain
|
0-0: Ball 1-0: Ball Leo Sutherland steals 2nd base (no throw) 2-0: Ball 3-0: Called Strike 3-1: SINGLE (Groundball, 4MD, EV 95.6 MPH) Leo Sutherland to third Runner from 3rd tries for Home, SAFE, throw by CF to home
|
|
Batting: SHB Charles Valley
|
0-0: Ball Joe Strain steals 2nd base 1-0: Intentional Walk
|
|
Batting: LHB Jerry Willard
|
0-0: Ball 1-0: Swinging Strike 1-1: Ball 2-1: Called Strike 2-2: Strikes out swinging
|
| Top of the 6th over - 1 run, 2 hits, 0 errors, 2 left on base; Hawaii 6 - San Jose 3 |
| BOTTOM OF THE 6TH |
|
San Jose Missions batting - Pitching for Hawaii Islanders : RHP Mark Dempsey
|
|
Batting: RHB Vance Law
|
0-0: Called Strike 0-1: Swinging Strike 0-2: Foul Ball, location: 2F 0-2: Ball 1-2: Foul Ball, location: 2F 1-2: Strikes out swinging
|
|
Batting: SHB Bip Roberts
|
0-0: Ball 1-0: Ball 2-0: Ball 3-0: Called Strike 3-1: Foul Ball, location: 2F 3-2: Base on Balls
|
|
Batting: LHB Marvell Wynne
|
0-0: Foul Ball, location: 2F 0-1: Ball Bip Roberts steals 2nd base (no throw) 1-1: Foul Ball, location: 2F 1-2: Foul Ball, location: 2F 1-2: Ball 2-2: Fly out, F9 (Flyball, 9, EV 86.3 MPH)
|
|
Batting: RHB Ozzie Virgil
|
0-0: Swinging Strike 0-1: Swinging Strike 0-2: Foul Ball, location: 2F 0-2: Foul Ball, location: 2F 0-2: Ball 1-2: Ball 2-2: Fly out, F9 (Flyball, 9LS, EV 78.8 MPH)
|
| Bottom of the 6th over - 0 runs, 0 hits, 0 errors, 1 left on base; Hawaii 6 - San Jose 3 |
| TOP OF THE 7TH |
|
Hawaii Islanders batting - Pitching for San Jose Missions : RHP William Swiacki
|
|
Batting: RHB Dave L Stapleton
|
0-0: Called Strike 0-1: Ball 1-1: Foul Ball, location: 2F 1-2: Fly out, F7 (Flyball, 7, EV 85.0 MPH)
|
|
Batting: RHB Chris Nyman
|
0-0: Called Strike 0-1: Ball 1-1: Swinging Strike 1-2: Ball 2-2: Strikes out swinging
|
|
Batting: LHB Franklin Lopez
|
0-0: Ball 1-0: Hit by Pitch
|
|
Batting: RHB Michael Hanson
|
0-0: Ball 1-0: Swinging Strike 1-1: DOUBLE (Line Drive, 9LS, EV 105.0 MPH) Franklin Lopez to third Runner from 3rd tries for Home, SAFE, throw by RF to home
|
|
Batting: RHB Jon Hansen
|
0-0: Ball 1-0: Ball 2-0: Foul Ball, location: 2F 2-1: Ground out 3-1 (Groundball, 13, EV 78.1 MPH)
|
| Top of the 7th over - 1 run, 1 hit, 0 errors, 1 left on base; Hawaii 7 - San Jose 3 |
| BOTTOM OF THE 7TH |
|
San Jose Missions batting - Pitching for Hawaii Islanders : RHP Mark Dempsey
|
|
Batting: SHB David Piller
|
0-0: Ball 1-0: Ball 2-0: Ball 3-0: Called Strike 3-1: Base on Balls
|
|
Batting: LHB Steven Michael
|
0-0: Foul Ball, location: 2F 0-1: Ball David Piller steals 2nd base 1-1: Ball 2-1: DOUBLE (Groundball, 3L, EV 98.1 MPH) David Piller scores
|
|
Batting: LHB Glen Franklin
|
0-0: Called Strike 0-1: Foul Ball, location: 2F 0-2: Ball 1-2: Foul Ball, location: 2F 1-2: Ball 2-2: Ball 3-2: Ground out 1-3 (Groundball, 13S, EV 71.3 MPH) Steven Michael to third
|
|
Batting: SHB Kenny Young
|
0-0: Ground out 3-1 (Groundball, 34S, EV 88.1 MPH) Steven Michael scores
|
|
Batting: SHB Curt Bryan
|
0-0: Ball 1-0: SINGLE (Groundball, 4MD, EV 106.3 MPH)
|
|
Pitching: RHP Michael Mahoski
|
|
|
Batting: RHB Vance Law
|
0-0: Ball 1-0: Fly out, F8 (Line Drive, 8RD, EV 91.3 MPH)
|
| Bottom of the 7th over - 2 runs, 2 hits, 0 errors, 1 left on base; Hawaii 7 - San Jose 5 |
| TOP OF THE 8TH |
|
Hawaii Islanders batting - Pitching for San Jose Missions : RHP William Swiacki
|
|
Batting: LHB Leo Sutherland
|
0-0: Swinging Strike 0-1: Fly out, F7 (Flyball, 7LD, EV 86.3 MPH)
|
|
Batting: RHB Joe Strain
|
0-0: Called Strike 0-1: Called Strike 0-2: Ball 1-2: Ground out 4-3 (Groundball, 4, EV 83.8 MPH)
|
|
Batting: SHB Charles Valley
|
0-0: Fly out, F8 (Flyball, 8LD, EV 90.6 MPH)
|
| Top of the 8th over - 0 runs, 0 hits, 0 errors, 0 left on base; Hawaii 7 - San Jose 5 |
| BOTTOM OF THE 8TH |
|
San Jose Missions batting - Pitching for Hawaii Islanders : RHP Michael Mahoski
|
|
Batting: SHB Bip Roberts
|
0-0: Ball 1-0: SINGLE (Groundball, P, EV 82.5 MPH) (infield hit)
|
|
Batting: LHB Marvell Wynne
|
0-0: Foul Ball, location: 2F 0-1: Ball 1-1: Ball 2-1: Foul Ball, location: 2F 2-2: Foul Ball, location: 2F 2-2: Foul Ball, location: 2F 2-2: Foul Ball, location: 2F 2-2: Foul Ball, location: 2F 2-2: Foul Ball, location: 2F 2-2: Fly out, F9 (Line Drive, 9, EV 90.6 MPH)
|
|
Batting: RHB Ozzie Virgil
|
0-0: Ball 1-0: Ball 2-0: 2-RUN HOME RUN (Flyball, 78XD, EV 91.9 MPH), Distance : 399 ft
|
|
Batting: SHB David Piller
|
0-0: Fly out, F4 (Popup, 4M, EV 61.3 MPH)
|
|
Batting: LHB Steven Michael
|
0-0: Called Strike 0-1: Called Strike 0-2: Ball 1-2: Ball 2-2: Foul Ball, location: 2F 2-2: Fly out, F8 (Flyball, 8LM, EV 72.5 MPH)
|
| Bottom of the 8th over - 2 runs, 2 hits, 0 errors, 0 left on base; Hawaii 7 - San Jose 7 |
| TOP OF THE 9TH |
|
Hawaii Islanders batting - Pitching for San Jose Missions : RHP William Swiacki
|
|
Batting: LHB Jerry Willard
|
0-0: Ball 1-0: Ball 2-0: Swinging Strike 2-1: Ball 3-1: Ground out 4-3 (Groundball, 4, EV 80.0 MPH)
|
|
Batting: RHB Dave L Stapleton
|
0-0: Swinging Strike 0-1: Ground out 6-3 (Groundball, 6M, EV 108.1 MPH)
|
|
Batting: RHB Chris Nyman
|
0-0: Ball 1-0: SINGLE (Line Drive, 9LM, EV 103.8 MPH)
|
|
Batting: LHB Franklin Lopez
|
0-0: Called Strike 0-1: Fly out, F8 (Line Drive, 8RM, EV 98.1 MPH)
|
| Top of the 9th over - 0 runs, 1 hit, 0 errors, 1 left on base; Hawaii 7 - San Jose 7 |
| BOTTOM OF THE 9TH |
|
San Jose Missions batting - Pitching for Hawaii Islanders : RHP Michael Mahoski
|
|
Batting: LHB Glen Franklin
|
0-0: Called Strike 0-1: Ball 1-1: Fly out, F7 (Flyball, 78M, EV 92.5 MPH)
|
|
Pinch Hitting: LHB Rich Gedman
|
0-0: Ground out 5-3 (Groundball, 56, EV 108.1 MPH)
|
|
Batting: SHB Curt Bryan
|
0-0: Ball 1-0: Foul Ball, location: 2F 1-1: Ball 2-1: SOLO HOME RUN (Line Drive, 7D, EV 103.1 MPH), Distance : 364 ft
|
| Bottom of the 9th over - 1 run, 1 hit, 0 errors, 0 left on base; Hawaii 7 - San Jose 8 |
|